 Dungeon Crawl Stone Soup version 0.31.0-11-ge490571c62 (webtiles) character file.

Game seed: 2238566717154647314

63 qw the Shooter (level 3, -1/18 (20) HPs)
             Began as a Deep Elf Hunter on Feb 5, 2024.
             Slain by a goblin
             ... wielding a +0 club
             ... led by Robin
              (2 damage)
             ... on level 2 of the Dungeon.
             The game lasted 00:00:03 (824 turns).

qw the Shooter (Deep Elf Hunter)                     Turns: 824, Time: 00:00:04

HP:   -1/18 (20)    AC:  5    Str: 10    XL:     3   Next: 89%
MP:   5/5           EV: 11    Int: 13    God:
Gold: 49            SH:  0    Dex: 18    Spells: 2/2 levels left

rFire   . . .        a - +0 shortbow
rCold   . . .        (shield currently unavailable)
rNeg    . . .        f - +0 ring mail
rPois   .            (no helmet)
rElec   .            (no cloak)
rCorr   .            (no gloves)
SInv    .            (no boots)
Will    +....        (no amulet)
Stlth   +            h - ring of willpower
HPRegen 0.23/turn    (no ring)
MPRegen 0.09/turn

%: no passive effects
@: heavily drained
A: no striking features
a: no special abilities


You were on level 2 of the Dungeon.
You visited 1 branch of the dungeon, and saw 2 of its levels.

You collected 49 gold pieces.


   Skills:
 - Level 1.5 Fighting
 + Level 7.3 Ranged Weapons
 - Level 2.4 Dodging
 - Level 1.2 Stealth


You had 2 spell levels left.
You didn't know any spells.
Your spell library was empty.

Inventory:

Hand Weapons
 a - a +0 shortbow (weapon)
Armour
 f - a +0 ring mail (worn)
Jewellery
 h - a ring of willpower (left hand)
Scrolls
 d - 3 scrolls of identify
Potions
 b - a potion of attraction {unknown}
 c - a potion of heal wounds {unknown}
 e - a potion of cancellation
 g - a potion of resistance

Dungeon Overview and Level Annotations

Branches:
Dungeon (2/15)

Altars:

Shops:
D:1 [*

Annotations:
D:2 Robin, Terence


Message History

Terence says, "Don't bother to defend, it's useless."
You shoot an arrow. The arrow hits the goblin.
The goblin is severely wounded.
The goblin hits you with a +0 club. The goblin hits you but does no damage.
The hobgoblin hits you. The goblin hits you but does no damage.
You feel drained.
You shoot an arrow. The arrow barely misses the goblin.
The arrow hits the hobgoblin!
You kill the hobgoblin!
The goblin misses you. The goblin hits you with a +0 club.
The hobgoblin misses you. The goblin hits you but does no damage.
You feel drained.
You shoot an arrow. The arrow hits the goblin!
You kill the goblin!
The goblin hits you but does no damage. The goblin hits you with a +0 club.
The hobgoblin closely misses you.
You shoot an arrow. The arrow closely misses the jackal.
The arrow hits Robin.
Robin is moderately wounded.
The jackal misses you. The goblin completely misses you. The goblin misses you.
The hobgoblin hits you. The jackal closely misses you.
You shoot an arrow. The arrow closely misses the jackal.
The arrow hits Robin!
Robin is severely wounded.
The goblin closely misses you. The goblin hits you with a +0 club.
The hobgoblin hits you. The jackal bites you. The goblin barely misses you.
A hobgoblin comes into view.
The goblin barely misses you. The hobgoblin completely misses you.
You shoot an arrow. The arrow hits the jackal.
You kill the jackal!
The jackal bites you. The goblin barely misses you.
The goblin hits you but does no damage. The hobgoblin closely misses you.
You shoot an arrow.
The arrow hits the jackal but does no damage.
The jackal misses you. The goblin hits you but does no damage.
The goblin closely misses you. The hobgoblin barely misses you.
You shoot an arrow. The arrow closely misses the jackal.
The arrow hits the hobgoblin.
The hobgoblin is moderately wounded.
The jackal barely misses you. The goblin hits you but does no damage.
The jackal misses you. The goblin hits you with a +0 club.
You die...

$.. .##
#########..........).
####.............#...>).
...)........ ........g..
...........###...#......
###.######.........)....
....###......#..gg.....
.###....##....@gghK#
.##....##..#...g@##
###..............# #
#..............#
###..............##
.##................
.##............#....
.#...................
.##............#.#...
.##................


You could see Terence, Robin, a jackal, 3 hobgoblins, 2 goblins and a kobold.

Vanquished Creatures
  2 adders (D:2)
  2 dart slugs (D:1)
  2 ball pythons
  3 endoplasms
  2 giant cockroaches
  8 goblins
  A hobgoblin (D:2)
  5 jackals
  3 kobolds (D:2)
  A quokka (D:2)
  3 bats
  4 rats
36 creatures vanquished.

Notes
Turn   | Place    | Note
-------+----------+-------------------------------------------
     0 | D:1      | qw the Deep Elf Hunter began the quest for the Orb.
     0 | D:1      | Reached XP level 1. HP: 12/12 MP: 3/3
     0 | D:1      | 0 ||| qw: Version: 0.3-a-160-g6735b56
     0 | D:1      | 0 ||| qw: Game counter: 6187
     0 | D:1      | 0 ||| qw: Melee chars always use a shield: true
     0 | D:1      | 0 ||| qw: God list: Okawaru
     0 | D:1      | 0 ||| qw: Allow faded altars: false
     0 | D:1      | 0 ||| qw: Do Orc after clearing Dungeon:15 true
     0 | D:1      | 0 ||| qw: Do second Lair branch before Depths: true
     0 | D:1      | 0 ||| qw: Lair rune preference: random
     0 | D:1      | 0 ||| qw: Goals: Normal
     0 | D:1      | 0 ||| PLANNING D:1-11
    48 | D:1      | Found Roefeon's Assorted Antiques.
    57 | D:1      | 57 ||| SHOPLISTING dyed leather armour (145 gold, have 12).
    57 | D:1      | 57 ||| SHOPLISTING scroll labelled ECWITE WOPA (29 gold,
                  | have 12).
    57 | D:1      | 57 ||| SHOPLISTING scroll labelled ITYWYE KICAQ (29 gold,
                  | have 12).
    57 | D:1      | 57 ||| SHOPLISTING smoky brown potion (26 gold, have 12).
   178 | D:1      | Found Ycudduel's Armour Shop.
   235 | D:1      | Reached skill level 6 in Ranged Weapons
   235 | D:1      | Reached XP level 2. HP: 16/16 MP: 4/4
   581 | D:1      | 581 ||| UPGRADING to +0 ring mail.
   591 | D:1      | 591 ||| DROPPING +0 leather armour.
   592 | D:1      | 592 ||| UPGRADING to ring of willpower.
   593 | D:1      | 593 ||| READING 5 scrolls labelled ECWITE WOPA.
   593 | D:1      | 593 ||| IDENTIFYING pink potion
   594 | D:1      | 594 ||| READING 4 scrolls of identify.
   594 | D:1      | 594 ||| IDENTIFYING ruby potion
   595 | D:1      | 595 ||| DROPPING scroll of butterflies.
   652 | D:2      | 652 ||| RETREEEEATING.
   672 | D:2      | Reached XP level 3. HP: 8/20 MP: 5/5
   787 | D:2      | Reached skill level 7 in Ranged Weapons
   813 | D:2      | Noticed Robin
   816 | D:2      | Noticed Terence
   821 | D:2      | HP: 4/18 [hobgoblin[Robin] (1)]
   822 | D:2      | HP: 1/18 [jackal (3)]
   824 | D:2      | Slain by a goblin

Levels and vault maps discovered:
D:1:      dpeg_arrival_arbitrary_b, layout_loops_ring, serial_shops,
          nicolae_shop_stone, shop
D:2:      minmay_spotlight, layout_rooms, dilly_ecumenical_altar_fadedgnrine,
          uniq_robin, uniq_jessica, uniq_terence

Skill      XL: |  1  2  3 |
---------------+----------+-----
Ranged Weapons | 6 7 |  7.3
Fighting       | |  1.5
Dodging        | |  2.4
Stealth        | |  1.2

Action                     || total
---------------------------++-------
   Fire: Shortbow          ||    91
    Use: Scroll            ||     2
 Armour: Leather armour    ||     5
         Ring mail         ||    43
  Dodge: Dodged            ||    46

Table legend:
 A = Non-vault XP
 B = Vault XP
 C = Vault XP percentage of total XP
 D = Non-vault monster count
 E = Vault monster count
 F = Vault count percentage of total count
                 A         B        C        D         E       F
            +---------+---------+-------+---------+---------+-------
      Total |      75 |      16 |  17.6 |      28 |       8 |  22.2
            +---------+---------+-------+---------+---------+-------
        D:1 |      30 |       0 |   0.0 |      15 |       0 |   0.0
        D:2 |      45 |      16 |  26.2 |      13 |       8 |  38.1
            +---------+---------+-------+---------+---------+-------
